 Dungeon Crawl Stone Soup version 0.19.1 (webtiles) character file.

13896 Kook the Destroyer (level 11, -17/89 HPs)
             Began as a Demonspawn Fire Elementalist on Dec 13, 2016.
             Was an Elder of Vehumet.
             Demolished by a sun demon (21 damage)
             ... summoned by a kobold demonologist
             ... on level 11 of the Dungeon.
             The game lasted 01:24:07 (15322 turns).

Kook the Destroyer (Demonspawn Fire Elementalist)  Turns: 15322, Time: 01:24:08

Health: -17/89     AC:  5    Str:  9    XL:     11   Next: 81%
Magic:  20/32      EV: 12    Int: 20    God:    Vehumet [****..]
Gold:   526        SH:  0    Dex: 13    Spells: 5 memorised, 12 levels left

rFire  . . .     SeeInvis .     a - +2 eveningstar (flame)
rCold  + . .     Gourm    .     y - +0 leather armour
rNeg   . . .     Faith    .     (no shield)
rPois  .         Spirit   .     (helmet restricted)
rElec  .         Reflect  .     w - +1 cloak
rCorr  .         Harm     +     (no gloves)
MR     .....                    (no boots)
Stlth  ++........               f - amulet of harm
                                (no ring)
                                J - ring of magical power

@: no status effects
A: antennae 2, claws 2, talons 2, cold resistance 1, spiny 1
a: Renounce Religion


You were on level 11 of the Dungeon.
You worshipped Vehumet.
Vehumet was greatly pleased with you.
You were hungry.

You visited 2 branches of the dungeon, and saw 12 of its levels.
You also visited: Ossuary.

You collected 746 gold pieces.
You spent 220 gold pieces at shops.

Inventory:

Hand Weapons
 a - a +2 eveningstar of flaming (weapon)
Missiles
 x - 5 poisoned javelins (quivered)
 I - 3 silver tomahawks
 V - 8 steel tomahawks
Armour
 w - a +1 cloak (worn)
 y - a +0 leather armour (worn)
Magical Staves
 k - an uncursed staff of cold
Jewellery
 f - an amulet of harm (around neck)
 q - an uncursed ring of teleportation
 J - a ring of magical power (left claw)
 Z - an uncursed ring of fire {unknown}
Wands
 u - a wand of teleportation (5/9)
 v - a wand of flame (11/48)
 C - a wand of digging (3/24)
 F - a wand of random effects (28/48)
 L - a wand of acid (5/15)
 O - a wand of lightning (9/15)
 Q - a wand of disintegration (17/24)
 S - a wand of enslavement (13/24)
 U - a wand of flame (23/48)
Scrolls
 e - 3 scrolls of enchant armour
 g - 4 scrolls of teleportation
 m - 7 scrolls of remove curse
 B - 4 scrolls of magic mapping
 H - 4 scrolls of recharging
 N - a scroll of blinking
 X - a scroll of fog
Potions
 c - a potion of cure mutation {unknown}
 d - 4 potions of haste
 h - a potion of brilliance {unknown}
 i - 2 potions of invisibility
 j - 6 potions of curing
 l - 5 potions of heal wounds
 n - 4 potions of lignification
 p - a potion of magic
 t - 2 potions of agility
 E - 2 potions of resistance {unknown}
 K - 2 potions of might {unknown}
 M - 2 potions of cancellation {unknown}
 W - a potion of berserk rage {unknown}
 Y - a potion of ambrosia {unknown}
Books
 b - a book of Flames

   Spells                             Type                      Level
   a - Flame Tongue                   Conjuration/Fire             1
   b - Throw Flame                    Conjuration/Fire             2
   c - Conjure Flame                  Conjuration/Fire             3
   d - Inner Flame                    Hexes/Fire                   3
   e - Sticky Flame                   Conjuration/Fire             4
   f - Fireball                       Conjuration/Fire             5
 A - a book of Necromancy

   Spells                             Type                      Level
   a - Pain                           Necromancy                   1
   b - Animate Skeleton               Necromancy                   1
   c - Vampiric Draining              Necromancy                   3
   d - Regeneration                   Charms/Necromancy            3
   e - Animate Dead                   Necromancy                   4
   f - Control Undead                 Necromancy                   4
 D - a book of Changes

   Spells                             Type                      Level
   a - Beastly Appendage              Transmutation                1
   b - Sticks to Snakes               Transmutation                2
   c - Spider Form                    Transmutation/Poison         3
   d - Ice Form                       Ice/Transmutation            4
   e - Blade Hands                    Transmutation                5
Comestibles
 o - 5 meat rations
 s - a royal jelly
 z - 7 bread rations
 R - 9 beef jerkies


   Skills:
 * Level 9.4 Fighting
 + Level 2.6 Maces & Flails
 + Level 3.3 Dodging
 - Level 1.7 Stealth
 * Level 8.8 Spellcasting
 * Level 9.5 Conjurations
 * Level 9.1 Fire Magic


You had 12 spell levels left.
You knew the following spells:

 Your Spells              Type           Power        Failure   Level  Hunger
a - Flame Tongue          Conj/Fire      #####        1%          1    None
b - Throw Flame           Conj/Fire      #####.       1%          2    None
c - Conjure Flame         Conj/Fire      #####...     1%          3    None
d - Sticky Flame          Conj/Fire      #####...     1%          4    ###....
e - Fireball              Conj/Fire      #####.....   2%          5    #####..


Dungeon Overview and Level Annotations

Branches:
Dungeon (11/15)            Temple (1/1) D:6            Lair (0/6) D:11
    Orc (0/2) D:11

Altars:
Ashenzari
Cheibriados
Dithmenos
Elyvilon
Fedhas
Gozag
Hepliaklqana
Kikubaaqudgha
Makhleb
Nemelex Xobeh
Okawaru
Ru
Sif Muna
Trog
Uskayaw
Vehumet
Xom
Yredelemnul
Zin
The Shining One

Shops:
D:4 =

Annotations:
D:5 michaelg83's ghost, novice GrFi
D:10 4 runed doors


Innate Abilities, Weirdness & Mutations

You have a pair of antennae on your head.
You have very sharp fingernails.
You have razor-sharp toenails.
Your flesh is cold resistant. (rC+)
You are partially covered in sharp spines.


Message History

Aiming: Flame Tongue
Press: ? - help, Shift-Dir - straight line, f/p - kobold demonologist
Aim: a kobold demonologist, wielding a dagger and wearing a robe (almost dead)
The flame tongue hits the sun demon.
The sun demon completely resists.
The sun demon hits you!
You are engulfed in flames!
The sun demon is struck by your spines. The sun demon closely misses you.
The hellwing swoops through the air toward you!
The hellwing is struck by your spines. The hellwing closely misses you.
The hellwing hits you. The hellwing is struck by your spines.
The hellwing hits you! The hellwing closely misses you. The hellwing hits you!
* * * LOW HITPOINT WARNING * * *
The hellwing hits you.
* * * LOW HITPOINT WARNING * * *
The crimson imp disappears for a moment.
The sun demon hits you!
* * * LOW HITPOINT WARNING * * *
You are engulfed in flames!!
You die...

#.......# ##.## #.# .#
#.......# ####...###.#
.##.#......#####
#....#.....#
...###....)....#
#.##...#####
.##.#.....5###.#
#.###.## .# #.......#
#.# #.# #.# .#
#.....5.###.####.# #.#
.# #.##[###5.4....#.#
#.# .#
#.##.....K.43@...# #.#
.#
#.######.......#####.#
####.# #.............#
.....# #.......#######
###### #.......# #
#.......# # #########


You could see a sun demon, a hellwing, a kobold demonologist, a chaos spawn, an
iron imp and a crimson imp.

Vanquished Creatures
  A hydra (D:11)
  The ghost of christhawk the Vandal, a novice DsBe of Trog (D:9)
  2 hill giants
  3 ugly things (D:11)
  A cyclops (D:11)
  An elephant (D:10)
  A centaur skeleton (D:10)
  3 kobold demonologists (D:11)
  3 hippogriffs
  13 yaks
  Eustachio (D:4)
  A steam dragon (D:10)
  A hungry ghost (D:11)
  Grum (D:10)
  Duvessa (D:4)
  3 water moccasins
  A hornet zombie (D:9)
  3 ice beasts
  3 orc warriors
  An eye of draining (D:11)
  A black bear (D:10)
  A phantom (D:7)
  7 ogres
  A necrophage (D:7)
  2 wolves (D:10)
  5 centaurs
  2 crocodiles
  3 big kobolds
  2 bullfrogs
  A gnoll sergeant (D:10)
  Dowan (D:4)
  6 scorpions
  2 wyvern skeletons
  A water moccasin skeleton (D:4)
  8 killer bees
  A wight (D:11)
  2 howler monkeys (D:8)
  3 crimson imps
  2 bullfrog zombies
  2 centaur zombies
  2 human zombies (Ossuary)
  2 quasits
  5 hounds
  4 jellies
  5 orc priests
  A bullfrog skeleton (D:9)
  9 orc wizards
  4 iguanas
  9 worker ants
  A big kobold zombie (Ossuary)
  3 hound skeletons
  2 mummies (Ossuary)
  A worker ant zombie (D:10)
  10 adders
  7 gnolls
  2 howler monkey skeletons
  2 shadow imps (D:11)
  2 oozes (D:1)
  An adder zombie (Ossuary)
  A worm (D:3)
  A dart slug (D:1)
  11 leopard geckos
  27 orcs
  11 bats
  16 giant cockroaches
  7 hobgoblins
  15 jackals
  18 kobolds
  3 quokkas
  3 ball pythons
  10 frilled lizards
  7 goblins
  2 goblin zombies (Ossuary)
  15 hobgoblin zombies (Ossuary)
  A jackal zombie (Ossuary)
  5 kobold zombies (Ossuary)
  A leopard gecko skeleton (D:5)
  8 orc zombies (Ossuary)
  8 rats
  A rat zombie (Ossuary)
341 creatures vanquished.

Notes
Turn   | Place    | Note
-------+----------+-------------------------------------------
     0 | D:1      | Kook the Demonspawn Fire Elementalist began the quest for the Orb.
     0 | D:1      | Reached XP level 1. HP: 13/13 MP: 3/3
   155 | D:1      | Gained mutation: You have a pair of small antennae on your head. [demonic ancestry]
   155 | D:1      | Reached XP level 2. HP: 19/19 MP: 1/5
   806 | D:1      | Gained mutation: You have sharp fingernails. [demonic ancestry]
   806 | D:1      | Reached XP level 3. HP: 15/25 MP: 4/6
  1440 | D:1      | Reached skill level 1 in Fighting
  1953 | D:2      | Gained mutation: You have very sharp fingernails. [demonic ancestry]
  1953 | D:2      | Reached XP level 4. HP: 19/32 MP: 0/7
  2087 | D:2      | HP: 1/32 [gnoll/spear (10)]
  2536 | D:2      | Found a sparkling altar of Nemelex Xobeh.
  2540 | D:2      | Learned a level 2 spell: Throw Flame
  2544 | D:2      | Learned a level 3 spell: Conjure Flame
  3367 | D:3      | Reached XP level 5. HP: 39/39 MP: 0/9
  3929 | D:3      | Found a shimmering altar of Xom.
  4347 | D:4      | Gained mutation: You have sharp toenails. [demonic ancestry]
  4347 | D:4      | Reached XP level 6. HP: 46/46 MP: 6/11
  4356 | D:4      | Learned a level 4 spell: Sticky Flame
  5065 | D:4      | Noticed Eustachio
  5139 | D:4      | Killed Eustachio
  5139 | D:4      | Gained mutation: Your flesh is cold resistant. (rC+) [demonic ancestry]
  5139 | D:4      | Reached XP level 7. HP: 43/52 MP: 1/13
  5295 | D:4      | Found Vaxketro's Jewellery Emporium.
  5298 | D:4      | Bought a cursed amulet of inaccuracy for 20 gold pieces
  5298 | D:4      | Bought an uncursed ring of magical power for 200 gold pieces
  5345 | D:4      | Noticed Duvessa
  5345 | D:4      | Noticed Dowan
  5359 | D:4      | Killed Duvessa
  5400 | D:4      | Killed Dowan
  5664 | D:5      | Entered Level 5 of the Dungeon
  6069 | D:5      | Found a shadowy altar of Dithmenos.
  6070 | D:5      | Noticed michaelg83's ghost (novice GrFi)
  6126 | D:6      | Found a shadowy altar of Dithmenos.
  6130 | D:6      | Reached skill level 5 in Fire Magic
  6130 | D:6      | Gained mutation: You have a pair of antennae on your head. [demonic ancestry]
  6130 | D:6      | Reached XP level 8. HP: 61/61 MP: 15/15
  6199 | D:6      | Found an opulent altar of Gozag.
  6470 | D:6      | Found a shattered altar of Ashenzari.
  6733 | D:6      | Found a staircase to the Ecumenical Temple.
  6750 | Temple   | Entered the Ecumenical Temple
  6873 | Temple   | Became a worshipper of Vehumet
  7071 | D:6      | Reached skill level 5 in Spellcasting
  7431 | D:6      | Reached skill level 5 in Conjurations
  7601 | D:7      | Reached skill level 5 in Fighting
  7856 | D:7      | Found an opulent altar of Gozag.
  7923 | D:7      | Found an ancient bone altar of Kikubaaqudgha.
  8135 | D:7      | Reached * piety under Vehumet
  8135 | D:7      | Offered knowledge of Sting by Vehumet.
  8204 | D:7      | Gained mutation: You have razor-sharp toenails. [demonic ancestry]
  8204 | D:7      | Reached XP level 9. HP: 69/69 MP: 13/17
  8552 | D:8      | Found a sand-covered staircase.
  8565 | Ossuary  | Entered an ossuary
  9296 | Ossuary  | Offered knowledge of Throw Frost by Vehumet.
  9300 | Ossuary  | Reached ** piety under Vehumet
  9863 | D:8      | Noticed a hill giant
  9895 | D:8      | Killed a hill giant
 10422 | D:8      | Gained mutation: You are partially covered in sharp spines. [demonic ancestry]
 10422 | D:8      | Reached XP level 10. HP: 41/79 MP: 20/20
 11252 | D:8      | Identified a scroll of acquirement
 11312 | D:9      | Noticed christhawk's ghost (novice DsBe)
 11325 | D:9      | Killed christhawk's ghost
 11732 | D:9      | Offered knowledge of Ignite Poison by Vehumet.
 11994 | D:9      | Reached *** piety under Vehumet
 12486 | D:10     | Entered Level 10 of the Dungeon
 12505 | D:10     | Found a huge runed gate.
 12506 | D:10     | Found a huge runed gate.
 12506 | D:10     | Found a huge runed gate.
 12506 | D:10     | Found a huge runed gate.
 12509 | D:10     | Noticed a death yak
 12771 | D:10     | Noticed Grum
 12779 | D:10     | Killed Grum
 13176 | D:10     | Offered knowledge of Static Discharge by Vehumet.
 13236 | D:10     | Reached skill level 1 in Maces & Flails
 13291 | D:10     | Reached XP level 11. HP: 87/87 MP: 23/23
 13460 | D:10     | Learned a level 5 spell: Fireball
 13490 | D:10     | Noticed a hill giant
 13504 | D:10     | Killed a hill giant
 13584 | D:11     | Reached **** piety under Vehumet
 13834 | D:11     | Noticed a four-headed hydra
 13889 | D:11     | Offered knowledge of Dazzling Spray by Vehumet.
 14112 | D:11     | Noticed a catoblepas
 14112 | D:11     | Noticed a centaur warrior
 14531 | D:11     | Found a staircase to the Lair.
 14551 | D:11     | Killed a four-headed hydra
 14877 | D:11     | Noticed a green ugly thing
 14890 | D:11     | Killed a green ugly thing
 15151 | D:11     | Noticed a purple ugly thing
 15151 | D:11     | Noticed a purple ugly thing
 15158 | D:11     | Killed a purple ugly thing
 15160 | D:11     | Killed a cyan ugly thing
 15196 | D:11     | Found a staircase to the Orcish Mines.
 15313 | D:11     | Noticed a sun demon
 15322 | D:11     | HP: 4/89 [sun demon[a kobold demonologist] (20)]
 15322 | D:11     | Demolished by a sun demon

Skill      XL: |  1  2  3  4  5  6  7  8  9 10 11 |
---------------+----------------------------------+-----
Fire Magic     | 3 4 5 6 7 8 9 |  9.1
Conjurations   | 2 3 4 5 7 8 9 |  9.5
Fighting       | 1 2 3 4 5 7 8 9 |  9.4
Spellcasting   | 3 4 5 6 8 |  8.8
Dodging        | 2 3 |  3.3
Maces & Flails | 1 2 |  2.6
Stealth        | |  1.7

Action                   |  1- 3 |  4- 6 |  7- 9 | 10-12 || total
-------------------------+-------+-------+-------+-------++-------
Melee: Hand axe          |    73 |     2 |       |       ||    75
       Spear             |       |    96 |    43 |       ||   139
       Kick              |       |     7 |    10 |     7 ||    24
       Eveningstar       |       |       |       |    54 ||    54
Throw: Javelin           |       |       |       |     4 ||     4
 Cast: Flame Tongue      |    62 |   116 |   214 |   211 ||   603
       Conjure Flame     |       |     6 |    23 |    28 ||    57
       Sticky Flame      |       |     1 |    19 |    26 ||    46
       Throw Flame       |       |     1 |     5 |     9 ||    15
       Fireball          |       |       |       |    12 ||    12
Evoke: Wand              |       |       |     3 |       ||     3
  Use: Scroll            |       |       |    12 |     8 ||    20
       Potion            |       |       |       |     1 ||     1
 Stab: Sleeping          |       |     2 |       |       ||     2
  Eat: Bread ration      |     1 |       |       |       ||     1
       Chunk             |       |    10 |    19 |    17 ||    46
       Pizza             |       |       |     1 |     1 ||     2
       Fruit             |       |       |       |     2 ||     2
Armor: Robe              |    27 |    10 |       |       ||    37
       Leather armour    |       |    14 |    28 |    28 ||    70
Dodge: Dodged            |    82 |    71 |    74 |    76 ||   303
